 Dungeon Crawl Stone Soup version 0.30-a0-627-gc11e7ae810 (webtiles) character file.

Game seed: 14722830244833760424

206 Citaku the Covered (level 5, -6/47 HPs)
             Began as a Minotaur Fighter on Jan 12, 2023.
             Mangled by a gnoll
             ... wielding a +0 halberd
              (8 damage)
             ... on level 4 of the Dungeon.
             The game lasted 00:03:11 (2326 turns).

Citaku the Covered (Minotaur Fighter)               Turns: 2326, Time: 00:03:11

Health: -6/47      AC:  7    Str: 23    XL:     5   Next: 53%
Magic:  4/4        EV:  9    Int:  5    God:
Gold:   111        SH:  4    Dex:  9    Spells: 4/4 levels left

rFire   . . .      SeeInvis .    a - +0 war axe
rCold   . . .      Faith    .    c - +0 buckler
rNeg    . . .      Spirit   .    b - +0 scale mail
rPois   +          Reflect  .    (helmet restricted)
rElec   .          Harm     .    (no cloak)
rCorr   .          Rampage  .    (no gloves)
Will    .....                    (no boots) Stlth
                                 (no amulet)
HPRegen 0.27/turn                h - ring of poison resistance
MPRegen 0.09/turn                (no ring)

@: no status effects
A: horns 2, retaliatory headbutt
a: no special abilities


You were on level 4 of the Dungeon.
You visited 1 branch of the dungeon, and saw 4 of its levels.

You collected 111 gold pieces.

Inventory:

Hand Weapons
 a - a +0 war axe (weapon)
Armour
 b - a +0 scale mail (worn)
 c - a +0 buckler (worn)
Jewellery
 h - a ring of poison resistance (left hand)
Scrolls
 f - a scroll of enchant armour {unknown}
 g - a scroll of amnesia {unknown}
 i - 3 scrolls of teleportation {unknown}
 j - a scroll of identify {unknown}
 l - a scroll of poison {unknown}
 m - a scroll of butterflies {unknown}
Potions
 d - 2 potions of might
 e - a potion of curing {unknown}
 k - a potion of berserk rage {unknown}


   Skills:
 + Level 4.7 Fighting
 * Level 4.8 Axes
 * Level 5.5 Armour
 - Level 3.6 Shields


You had 4 spell levels left.
You didn't know any spells.
Your spell library contained the following spells:

 Spells                   Type           Power      Damage    Failure   Level
 Summon Small Mammal      Summ           0%         N/A       86%         1
 Call Canine Familiar     Summ           0%         N/A       99%         3
 Summon Guardian Golem    Hex/Summ       0%         N/A       99%         3


Dungeon Overview and Level Annotations

Branches:
Dungeon (4/15)
 Temple: D:4-7

Altars:
The Shining One


Innate Abilities, Weirdness & Mutations

You have a pair of horns on your head.
You reflexively headbutt those who attack you in melee.


Message History

You destroy the necrophage!
Your life force feels restored.
You have reached level 5!
HP restored. 2 gnolls come into view.
The gnoll shouts! x2; You hear a shout! x2
The gnoll moves out of view.
A gnoll comes into view. It is wielding a +0 halberd.
You see here a scroll labelled YROPUUHECK.
A hobgoblin comes into view.
You closely miss the gnoll. You headbutt the gnoll!
The gnoll is almost dead.
The gnoll hits you with a +0 whip.
You hit the gnoll but do no damage.
The gnoll is almost dead.
You slash the gnoll! The gnoll closely misses you.
The gnoll hits you with a +0 war axe!
The gnoll hits you from afar with a +0 halberd!
The gnoll hits you with a +0 whip. The gnoll hits you with a +0 war axe!
You block the gnoll's attack.
You slash the gnoll!
You kill the gnoll!
You closely miss the gnoll. The gnoll closely misses you.
The gnoll hits you from afar with a +0 halberd.
You block the gnoll's attack. The gnoll completely misses you.
You block the gnoll's attack. The gnoll closely misses you.
Things that are here:
a +0 war axe; a gnoll corpse You closely miss the gnoll.
Your headbutt misses the gnoll. You hit the gnoll.
You kill the gnoll!
The gnoll hits you with a +0 halberd.
* * * LOW HITPOINT WARNING * * *
You slash the gnoll!
The gnoll is severely wounded.
The gnoll hits you with a +0 halberd!
* * * LOW HITPOINT WARNING * * *
You hit the gnoll.
The gnoll is almost dead.
The gnoll hits you with a +0 halberd!
You die...

.# # #.# .# ###.##.# ..
##......## ... ........
....###.#... ......#.#.# #
#...gg@..##.###..
###..#)..?......#
#..##..##.##### ##.##..##.#
######### #......#.#
#........ #.##..##.#
#........
###.#....#.###........ #
####.#.#.................
#.#.........##.#.##....)...


You could see a gnoll and a hobgoblin.

Vanquished Creatures
  A necrophage (D:4)
  An iguana (D:3)
  2 gnolls (D:4)
  3 adders
  2 dart slugs (D:1)
  4 orcs
  9 ball pythons
  4 endoplasms (D:1)
  4 goblins
  5 hobgoblins
  4 jackals (D:3)
  3 kobolds
  4 quokkas
  10 bats
  3 frilled lizards
  6 rats
65 creatures vanquished.

Vanquished Creatures (others)
  4 plants (D:1)
4 creatures vanquished.

Grand Total: 69 creatures vanquished

Notes
Turn   | Place    | Note
-------+----------+-------------------------------------------
     0 | D:1      | Citaku the Minotaur Fighter began the quest for the Orb.
     0 | D:1      | Reached XP level 1. HP: 19/19 MP: 0/0
   309 | D:1      | Reached XP level 2. HP: 18/27 MP: 1/1
   363 | D:1      | Reached skill level 4 in Armour
   651 | D:1      | Reached XP level 3. HP: 27/33 MP: 2/2
   787 | D:1      | Found a faded altar of an unknown god.
  1279 | D:2      | Found a glowing golden altar of the Shining One.
  1304 | D:2      | Reached XP level 4. HP: 40/40 MP: 3/3
  2005 | D:3      | Reached skill level 5 in Armour
  2267 | D:4      | Noticed a necrophage
  2277 | D:4      | Killed a necrophage
  2278 | D:4      | Reached XP level 5. HP: 39/47 MP: 4/4
  2325 | D:4      | HP: 2/47 [gnoll/+0 halberd (11)]
  2326 | D:4      | Mangled by a gnoll

Illustrated notes

Levels and vault maps discovered:
D:1:      nzn_arrival_settlement, layout_loops_ring,
          chequers_ecumenical_altar_lobes
D:2:      layout_loops_ring, basic_altar
D:3:      layout_loops_cross
D:4:      layout_basic, guppyfry_early_orc_mine

Skill      XL: |  1  2  3  4 |
---------------+-------------+-----
Armour         | 4 5 |  5.5
Axes           | 3 4 |  4.8
Fighting       | 4 |  4.7
Shields        | |  3.6

Action                   |  1- 3 |  4- 6 || total
-------------------------+-------+-------++-------
Melee: War axe           |    79 |    54 ||   133
       Headbutt          |     9 |     7 ||    16
Armor: Scale mail        |    45 |    20 ||    65
Dodge: Dodged            |    51 |    32 ||    83
Block: Buckler           |    24 |    18 ||    42

Table legend: (Time is in decaauts)
 A = Elapsed time spent in this place.
 B = Non-inter-level travel time spent in this place.
 C = Inter-level travel time spent in this place.
 D = Time resting spent in this place.
 E = Time spent auto-exploring this place.
 F = Levels seen in this place.
 G = Mean time per level.
                   A        B        C        D        E       F      G
               +--------+--------+--------+--------+--------+-----+--------+
         Total |   2373 |   2284 |     89 |      0 |   1672 |   4 |  593.2 |
       Dungeon |   2373 |   2284 |     89 |      0 |   1672 |   4 |  593.2 |
               +--------+--------+--------+--------+--------+-----+--------+

Top non-repeatable levels by time:
     D:1: 933 daAuts
     D:2: 730 daAuts
     D:3: 590 daAuts
     D:4: 118 daAuts
